 Dungeon Crawl Stone Soup version 0.27.0-1-g7a089689b8 (webtiles) character file.

Game seed: 450125279284852248

48 sanka the Gusty (level 3, -2/34 HPs)
             Began as a Naga Air Elementalist on Aug 6, 2021.
             Slain by a goblin (6 damage)
             ... led by Robin
             ... on level 1 of the Dungeon.
             The game lasted 00:03:11 (2233 turns).

sanka the Gusty (Naga Air Elementalist)             Turns: 2233, Time: 00:03:11

Health: -2/34      AC:  2    Str: 10    XL:     3   Next: 72%
Magic:  6/6        EV:  9    Int: 16    God:
Gold:   65         SH:  0    Dex: 11    Spells: 3/6 levels left

rFire    . . .     SeeInvis +   g - +0 whip (elec)
rCold    . . .     Faith    .   (no shield)
rNeg     . . .     Spirit   .   a - +0 robe
rPois    +         Reflect  .   (no helmet)
rElec    .         Harm     .   (no cloak)
rCorr    +         Rampage  .   (no gloves)
Will     .....                  (no barding)
Stlth    ++........             (no amulet)
HPRegen  0.11/turn              (no ring)
MPRegen  0.10/turn              b - ring of resist corrosion

@: very slow
A: AC +1, large, see invisible, deformed body, poison resistance, slowness 2,
spit poison 1, naga tail 1
a: Spit Poison


You were on level 1 of the Dungeon.
You visited 1 branch of the dungeon, and saw 2 of its levels.

You collected 65 gold pieces.


Innate Abilities, Weirdness & Mutations

Your serpentine skin is tough. (AC +1)
You have supernaturally acute eyesight. (SInv)
Armour fits poorly on your strangely shaped body.
Your system is resistant to poisons. (rPois)
You cover ground very slowly.
You can spit poison.
You have a snake-like lower body.


   Skills:
 + Level 3.0 Fighting
 - Level 1.5 Dodging
 - Level 3.0 Stealth
 + Level 2.0 Spellcasting
 - Level 1.0 Conjurations
 + Level 3.1 Air Magic


You had 3 spell levels left.
You knew the following spells:

 Your Spells              Type           Power      Damage    Failure   Level
z - Shock                 Conj/Air       32%        1d5       9%          1
Z - Static Discharge      Conj/Air       8%         N/A       13%         2

Your spell library contained the following spells:

 Spells                   Type           Power      Damage    Failure   Level
 Swiftness                Air            11%        N/A       17%         3
 Sublimation of Blood     Necr           0%         N/A       30%         2
 Airstrike                Air            5%         N/A       50%         4
 Petrify                  Tmut/Erth      1%         N/A       90%         4
 Irradiate                Conj/Tmut      1%         3d14      99%         5

Inventory:

Hand Weapons
 g - a +0 whip of electrocution (weapon)
Armour
 a - a +0 robe (worn)
Jewellery
 b - a ring of resist corrosion (right hand)
 f - a ring of ice
Scrolls
 c - 3 scrolls of identify {unknown}
 d - 2 scrolls of teleportation {unknown}
Potions
 e - a potion of curing {unknown}
 h - a potion of resistance {unknown}

Dungeon Overview and Level Annotations

Branches:
Dungeon (2/15)

Altars:

Annotations:
D:2 Robin

▒..>....▒▒▒......▒▒▒▒▒
▒.▒▒.▒▒.▒ ▒......▒▒...
▒.▒▒...)▒ ▒......▒▒)▒▒
▒.▒▒....▒ ▒......▒▒.▒▒
▒.▒▒....▒ ▒...........
▒.▒▒▒.▒.▒ ▒▒▒▒▒▒▒▒▒.▒▒
▒....g..▒ ▒▒▒▒▒.▒
▒▒▒▒▒g▒▒▒ ▒.....▒ ▒N▒
▒.▒▒▒▒▒
▒▒▒.▒▒▒▒▒▒▒▒▒.▒
▒......(......▒
▒.▒.▒▒..▒▒▒▒..▒
▒.▒.......▒▒..▒
▒.▒▒▒▒..▒.....▒
▒.▒▒▒▒..▒▒▒▒.▒▒
▒............▒
▒▒▒▒▒▒▒▒▒▒▒▒▒▒


You could see 2 goblins.


Message History

The goblin barely misses you.
The goblin shouts!
You hit the goblin.
The goblin is moderately wounded.
You hear a shout!
You hear a shout!
The goblin hits you with a +0 dagger.
Robin roars a battlecry!
The goblins go into a battle-frenzy!
The goblin hits you with a +0 club.
You hear a shout!
You hear a shout!
You hear a shout!
The goblin hits you with a +0 dagger.
* * * LOW HITPOINT WARNING * * *
The goblin hits you with a +0 club.
* * * LOW HITPOINT WARNING * * *
You climb upwards.
There is a stone staircase leading down here.
Unknown command.
You barely miss the goblin.
The goblin is moderately wounded.
The goblin hits you with a +0 dagger.
* * * LOW HITPOINT WARNING * * *
The goblin barely misses you. The goblin hits you but does no damage.
The goblin hits you but does no damage.
You closely miss the goblin. The goblin hits you with a +0 club.
You die...

Action                   || total
-------------------------++-------
Melee: Unarmed           ||    55
       Whip              ||    13
 Cast: Shock             ||    39
 Abil: Spit Poison       ||    16
Armor: Robe              ||    21
Dodge: Dodged            ||    43

Levels and vault maps discovered:
D:1:      dpeg_arrival_morbid_curiosity, layout_loops_cross,
          minmay_split_cup_large
D:2:      layout_loops_cross, basic_altar, kennysheep_cluttered_room, uniq_robin

Notes
Turn   | Place    | Note
-------+----------+-------------------------------------------
     0 | D:1      | sanka the Naga Air Elementalist began the quest for the
                  | Orb.
     0 | D:1      | Reached XP level 1. HP: 15/15 MP: 3/3
   229 | D:1      | Reached skill level 1 in Fighting
   292 | D:1      | Reached XP level 2. HP: 25/25 MP: 5/5
   715 | D:1      | Reached skill level 2 in Fighting
  1086 | D:1      | Learned a level 2 spell: Static Discharge
  1137 | D:1      | Reached XP level 3. HP: 32/32 MP: 4/6
  2115 | D:2      | Reached skill level 3 in Fighting
  2212 | D:2      | Noticed Robin
  2233 | D:1      | Slain by a goblin

Vanquished Creatures
  A dart slug (D:1)
  2 ball pythons
  5 endoplasms (D:1)
  3 giant cockroaches
  6 goblins
  3 hobgoblins (D:1)
  7 kobolds
  2 quokkas
  6 bats
  4 frilled lizards (D:1)
  A rat (D:2)
40 creatures vanquished.
